Map: Ever Dream LE

Players

Astrea - Winner!

  • Race: Protoss Protoss
  • League: Master
  • Spawn Location: 1:00

soO

  • Race: Zerg Zerg
  • Spawn Location: 7:00

Event: War Chest Team League

VOD

Have the link to the VOD?

Description

Time

  • Played on: July 24, 2020, 9:08 a.m.
  • Length: 14:25
Show
View Real Time Build Order
Export as new Build Order

Astrea Protoss - Winner!

Build Orders: 1 Gate Expand, Mass Adepts 

Get SALT Encoding   

  12  0:00  Probe  
  13  0:12  Probe  
  14  0:18  Pylon  
  14  0:25  Probe  
  14  0:28  Assimilator  
  15  0:34  Probe  
  15  0:42  Probe  
  16  0:43  Gateway  
  17  0:51  Probe  
  18  1:03  Probe  
  19  1:15  Probe  
  20  1:21  Nexus  
  20  1:31  Cybernetics Core  
  20  1:34  Probe  
  20  1:39  Assimilator  
  21  1:46  Probe  
  22  1:49  Pylon  
  22  1:54  Probe  
  22  1:57  Adept  
  23  2:03  Probe  
  26  2:09  Warp Gate  
  26  2:13  Probe  
  27  2:18  Twilight Council  
  27  2:21  Stalker  
  27  2:25  Probe  
  30  2:33  Probe  
  31  2:37  Probe  
  31  2:43  Robotics Facility  
  32  2:45  Probe  
  32  2:49  Probe  
  34  2:54  Resonating Glaives  
  34  2:57  Probe  
  35  3:02  Gateway  
  35  3:03  Probe  
  36  3:19  Gateway x2  
  36  3:21  Warp Prism  
  36  3:22  Gateway  
  38  3:38  Pylon  
  38  3:39  Probe  
  38  3:40  Probe  
  40  3:51  Probe  
  40  3:55  Probe  
  42  3:58  Adept x2, Observer  
  47  4:03  Pylon  
  47  4:05  Probe  
  47  4:07  Probe  
  49  4:11  Pylon  
  49  4:17  Adept x2  
  49  4:22  Adept x3  
  59  4:27  Observer  
  59  4:30  Probe x2  
  62  4:32  Assimilator  
  62  4:45  Adept x3  
  70  4:48  Adept  
  70  4:52  Pylon  
  70  4:53  Pylon  
  70  5:06  Probe x2  
  70  5:09  Adept x2  
  70  5:10  Adept x3  
  74  5:15  Immortal  
  74  5:18  Assimilator, Pylon, Probe  
  75  5:35  Probe  
  72  5:42  Sentry, Adept x4  
  82  5:49  Immortal  
  80  5:54  Pylon  
  80  6:10  Sentry x2  
  84  6:13  Probe x2  
  86  6:23  Nexus  
  86  6:25  Probe x2  
  86  6:28  Pylon  
  86  6:29  Adept  
  86  6:31  Sentry x2  
  94  6:37  Probe  
  94  6:38  Forge  
  94  6:39  Immortal  
  95  6:41  Probe  
  95  6:44  Protoss Ground Weapons Level 1  
  95  6:45  Blink  
  96  6:54  Probe  
  101  6:58  Probe  
  102  7:06  Probe  
  103  7:10  Probe  
  103  7:11  Pylon  
  104  7:18  Probe  
  106  7:22  Probe  
  106  7:25  Stalker  
  106  7:26  Stalker  
  107  7:30  Probe  
  107  7:32  Adept  
  107  7:33  Adept, Stalker  
  107  7:35  Probe x2  
  114  7:42  Probe  
  114  7:43  Photon Cannon  
  114  7:47  Probe x2  
  116  7:54  Probe  
  117  7:59  Probe x2  
  117  8:05  Assimilator x2  
  119  8:06  Probe  
  119  8:09  Stalker x5  
  119  8:11  Probe x2  
  119  8:12  Pylon  
  132  8:15  Photon Cannon  
  132  8:18  Probe  
  133  8:24  Protoss Ground Weapons Level 2  
  133  8:32  Gateway  
  133  8:33  Gateway  
  133  8:37  Stalker x4  
  141  8:45  Pylon  
  141  8:48  Pylon  
  141  8:50  Templar Archives  
  141  8:52  Immortal  
  141  9:07  Psionic Storm  
  145  9:12  Stalker x5  
  151  9:27  Photon Cannon  
  151  9:30  Pylon  
  151  9:31  Pylon  
  151  9:39  Immortal  
  151  9:41  High Templar  
  157  9:50  Photon Cannon  
  157  9:52  Photon Cannon  
  157  9:55  High Templar x2  
  157  9:56  Nexus  
  157  9:57  Pylon  
  161  10:02  Pylon  
  149  10:15  High Templar x2  
  149  10:18  Probe x3  
  156  10:27  Photon Cannon  
  156  10:29  Photon Cannon, High Templar  
  156  10:30  Protoss Ground Weapons Level 3, Probe x2  
  156  10:32  Shield Battery, Zealot x4  
  156  10:35  Assimilator  
  168  10:39  Assimilator  
  168  10:41  Probe  
  168  10:42  Charge, Probe  
  170  10:46  Probe  
  171  10:53  Probe  
  164  10:58  High Templar x2, Zealot  
  164  10:59  Zealot x3  
  164  11:02  Gateway  
  164  11:03  Gateway  
  176  11:07  Gateway  
  176  11:14  Probe x3  
  179  11:23  Stalker x4  
  177  11:37  Archon  
  177  11:39  Immortal  
  155  11:43  Zealot x3  
  157  11:57  High Templar x5  
  157  12:00  Nexus  
  145  12:10  Pylon, Zealot x4  
  145  12:12  Zealot  
  155  12:31  Pylon  
  155  12:32  Photon Cannon, High Templar x3  
  155  12:33  High Templar, Zealot x6  
  155  12:35  Shield Battery  
  155  12:36  Warp Prism  
  165  12:38  Archon  
  165  12:42  Archon  
  165  12:52  Photon Cannon  
  165  12:53  Photon Cannon  
  165  12:57  Shield Battery  
  165  13:00  Shield Battery  
  165  13:01  High Templar x4, Zealot x2  
  165  13:04  Probe  
  165  13:05  Probe, Archon x2, Zealot x2  
  177  13:08  Probe  
  184  13:15  High Templar x2  
  184  13:19  Archon  
  177  13:50  Archon  
  177  13:51  Zealot x10  
  153  14:06  Probe x5  
  153  14:07  Assimilator  
  158  14:10  Assimilator  
  158  14:16  High Templar x3  
  158  14:17  High Templar x2  
Show
View Real Time Build Order
Export as new Build Order

soO Zerg 

Build Orders: Hatch First 

Get SALT Encoding   

  12  0:00  Drone  
  13  0:12  Overlord  
  13  0:17  Drone  
  14  0:31  Drone  
  15  0:45  Hatchery  
  15  0:47  Drone  
  15  0:51  Drone  
  15  0:54  Drone  
  17  1:00  Drone  
  18  1:08  Extractor  
  17  1:14  Spawning Pool  
  17  1:17  Drone  
  17  1:21  Drone  
  18  1:30  Drone  
  19  1:41  Drone  
  20  1:53  Drone  
  21  2:00  Queen x2  
  26  2:01  Zergling x2  
  26  2:04  Overlord  
  26  2:11  Zergling x2  
  26  2:13  Drone  
  26  2:15  Metabolic Boost  
  28  2:23  Drone  
  29  2:31  Hatchery  
  29  2:34  Drone  
  29  2:41  Queen  
  31  2:47  Overlord  
  31  2:48  Drone  
  31  2:50  Drone  
  33  2:54  Drone  
  33  2:57  Drone  
  33  2:58  Drone  
  36  3:09  Drone x2  
  36  3:10  Drone  
  36  3:11  Drone x2  
  36  3:12  Drone  
  41  3:13  Drone  
  41  3:17  Drone  
  43  3:29  Roach Warren  
  43  3:30  Drone  
  43  3:33  Extractor  
  42  3:36  Drone  
  43  3:41  Overlord  
  43  3:42  Queen  
  43  3:45  Drone x3  
  48  3:53  Zergling x2, Overlord  
  48  3:54  Overlord  
  49  4:09  Roach x4  
  57  4:14  Roach x4  
  65  4:20  Zergling x10  
  70  4:26  Zergling x6  
  70  4:27  Overlord x2  
  73  4:38  Overlord  
  73  4:41  Overlord  
  73  4:48  Lair  
  73  4:49  Zergling x12  
  79  4:54  Drone  
  79  4:55  Drone x2  
  79  4:57  Drone  
  81  5:00  Drone  
  74  5:12  Zergling x4  
  74  5:13  Zergling x4  
  70  5:16  Zergling x2  
  70  5:17  Zergling x2  
  70  5:20  Zergling x2  
  63  5:22  Zergling x2  
  63  5:24  Zergling x2  
  63  5:25  Zergling x2  
  63  5:28  Zergling x2  
  57  5:35  Zergling x6  
  58  5:48  Glial Reconstitution  
  58  5:49  Drone x4  
  63  5:50  Drone  
  63  5:58  Drone  
  63  6:00  Drone  
  63  6:08  Drone  
  64  6:12  Drone  
  64  6:15  Drone  
  66  6:23  Hatchery  
  66  6:25  Drone  
  66  6:29  Drone x2  
  66  6:31  Drone  
  69  6:33  Ravager  
  69  6:35  Drone  
  69  6:37  Overseer  
  71  6:40  Drone  
  71  6:45  Drone x2  
  74  6:48  Drone  
  74  6:53  Drone x3  
  77  6:55  Drone  
  77  6:56  Drone  
  79  7:06  Roach x3  
  85  7:16  Roach x3  
  85  7:19  Overlord  
  85  7:21  Overlord  
  91  7:25  Roach x3  
  97  7:31  Overlord  
  97  7:34  Roach  
  98  7:49  Drone x6  
  98  7:50  Drone x3  
  104  7:54  Evolution Chamber  
  104  7:56  Drone  
  104  7:57  Drone x2  
  105  7:59  Roach x2  
  109  8:12  Roach x3  
  115  8:14  Extractor  
  115  8:17  Baneling Nest  
  115  8:18  Extractor  
  112  8:25  Zerg Melee Weapons Level 1, Drone  
  112  8:26  Drone x2  
  115  8:27  Zergling x8  
  115  8:28  Zergling x8  
  115  8:29  Ravager x2  
  115  8:30  Overlord  
  115  8:31  Overlord  
  121  8:40  Drone x2  
  122  8:50  Hatchery  
  122  8:53  Ravager x2  
  122  8:54  Ravager, Drone  
  122  8:55  Zergling x16, Drone x3  
  135  9:07  Baneling x6  
  131  9:10  Drone x3  
  131  9:11  Drone  
  131  9:15  Drone x3  
  135  9:18  Overlord  
  135  9:23  Centrifical Hooks  
  134  9:32  Zergling x16  
  141  9:40  Drone x2  
  141  9:41  Drone  
  144  9:48  Baneling x4  
  144  9:49  Baneling x3  
  142  9:56  Baneling x6, Zergling x16  
  150  10:04  Unknown  
  147  10:13  Queen  
  147  10:14  Drone x2  
  151  10:16  Drone  
  151  10:20  Overseer, Drone x2  
  154  10:23  Zerg Melee Weapons Level 2  
  154  10:25  Baneling x4  
  154  10:35  Zergling x2  
  154  10:36  Zergling x8  
  154  10:40  Hatchery, Overlord  
  158  10:48  Zergling x6  
  151  10:58  Pneumatized Carapace  
  151  11:01  Drone x2  
  151  11:04  Zergling x26  
  160  11:06  Baneling x10  
  160  11:07  Baneling  
  160  11:09  Overlord  
  160  11:11  Baneling x8  
  166  11:19  Overlord  
  166  11:21  Zergling x2  
  166  11:24  Overlord  
  167  11:32  Zergling x12  
  152  11:39  Zergling x18  
  150  11:44  Zergling x8  
  132  11:54  Zergling x20  
  132  11:55  Zergling x2  
  132  12:00  Overlord  
  132  12:04  Drone x3  
  132  12:05  Drone  
  132  12:06  Baneling x10  
  130  12:11  Ravager x6  
  130  12:12  Ravager  
  130  12:14  Zergling x6  
  130  12:15  Zergling x8  
  144  12:25  Drone  
  145  12:30  Baneling x5  
  145  12:33  Zergling x18  
  154  12:42  Baneling x12  
  151  12:45  Zergling x22  
  151  12:47  Ravager x2  
  151  12:48  Ravager  
  164  12:54  Zergling x12  
  164  12:57  Baneling x6  
  170  13:01  Zergling x6  
  170  13:02  Zergling x4  
  175  13:09  Drone x3  
  175  13:10  Zergling x6  
  181  13:13  Baneling  
  181  13:14  Baneling x8  
  181  13:16  Zergling x2  
  181  13:17  Zergling x8  
  185  13:23  Zergling x8  
  185  13:25  Baneling x6  
  189  13:27  Baneling  
  189  13:35  Zergling x2  
  189  13:38  Overlord x2  
  190  13:42  Overlord  
  159  13:52  Zergling x34  
  143  13:57  Zergling x2  
  143  14:00  Zergling x2  
  143  14:02  Zergling x2  
  128  14:03  Zergling x4  
  128  14:06  Zergling x4  
Tags
 
Add a new tag
Caveats
  • Supply blocks, unpowered buildings, or Contaminate may cause inaccurate times.
  • Supply counts are checked every 10 seconds.